[Event "Titled Tuesday Blitz March 28 Early 2023"]
[White "Thiel, Thomas"]
[Black "Janaszak, Dawid"]
[WhiteFideId "4615964"]
[BlackFideId "1119206"]
[WhiteElo "2202"]
[BlackElo "2220"]
[Result "1/2-1/2"]
[Round "01"]
[TimeControl "180+2"]
[Date "2023.03.28"]
[WhiteClock "0:00:17"]
[BlackClock "0:00:06"]

1. e4 c5 2. Nc3 Nc6 3. Bb5 Nd4 4. Bc4 e6 5. Nge2 Nf6 6. O-O a6 7. d3 d5 8. exd5 exd5 9. Nxd5 Nxd5 10. Nxd4 cxd4 11. Qh5 Be6 12. Re1 g6 13. Qxd5 Qxd5 14. Bxd5 Kd7 15. Bxb7 Ra7 16. Bf3 Bb4 17. Re4 Bc5 18. Bd2 Rb8 19. b4 Bb6 20. a4 a5 21. b5 f5 22. Re2 Rc7 23. Bf4 Rbc8 24. Bxc7 Rxc7 25. Bc6+ Kd6 26. Rae1 Bf7 27. h3 Bc5 28. Be8 Bd5 29. Bc6 Bb4 30. Bxd5 Bxe1 31. Rxe1 Kxd5 32. Re2 Kc5 33. g3 Kb4 34. b6 Rb7 35. Re5 Kxa4 36. Rd5 Rxb6 37. Rxd4+ Rb4 38. Rd8 Rb1+ 39. Kg2 Rc1 40. Rc8 Kb5 41. d4 a4 42. d5 a3 43. Ra8 Kb4 44. d6 Rd1 45. c3+ Kb3 46. c4 a2 47. c5 Rd5 48. c6 Rxd6 49. c7 Rc6 50. Rb8+ Ka3 51. c8=Q Rxc8 52. Rxc8 a1=Q 53. Ra8+ Kb2 54. Rxa1 Kxa1 55. Kf3 Kb2 56. Kf4 Kc3 57. Kg5 Kd3 58. Kh6 Ke2 59. Kxh7 Kxf2 60. Kxg6 Kxg3 61. Kxf5 Kxh3 1/2-1/2


[Site "https://www.chess.com"]

[Event "Titled Tuesday Blitz March 28 Early 2023"]
[White "Tokhirjonova, Gulrukhbegim"]
[Black "Kiseleva, Arina"]
[WhiteFideId "14203626"]
[BlackFideId "4164989"]
[WhiteElo "2268"]
[BlackElo "1756"]
[Result "1-0"]
[Round "01"]
[TimeControl "180+2"]
[Date "2023.03.28"]
[WhiteClock "0:01:48"]
[BlackClock "0:00:18"]

1. c4 Nf6 2. Nc3 e6 3. Nf3 d5 4. d4 Be7 5. cxd5 exd5 6. Bf4 c6 7. e3 O-O 8. Bd3 Nbd7 9. O-O Nh5 10. Be5 Nxe5 11. dxe5 g6 12. h3 Ng7 13. Rc1 Bf5 14. Re1 Bxd3 15. Qxd3 Qd7 16. e4 Rad8 17. Red1 Ne6 18. exd5 Nf4 19. Qe3 Nxd5 20. Qxa7 Bb4 21. Nxd5 cxd5 22. Qb6 Qe7 23. Rc7 Rd7 24. Rxd7 Qxd7 25. Qxb4 Ra8 26. a3 h6 27. Qc5 Rd8 28. Nd4 Qa4 29. b3 Qa6 30. e6 fxe6 31. Qe7 Rd6 32. Rc1 1-0


[Site "https://www.chess.com"]

[Event "Titled Tuesday Blitz March 28 Early 2023"]
[White "EdmundPlayer"]
[Black "Martic, Ivan"]
[BlackFideId "929301"]
[WhiteElo "2193"]
[BlackElo "2360"]
[Result "1/2-1/2"]
[Round "01"]
[TimeControl "180+2"]
[Date "2023.03.28"]
[WhiteClock "0:00:17"]
[BlackClock "0:00:13"]

1. e4 c5 2. Nf3 Nf6 3. e5 Nd5 4. c4 Nb4 5. d4 cxd4 6. a3 N4c6 7. Nxd4 Nxe5 8. Nc3 g6 9. Bf4 Bg7 10. g3 Nbc6 11. Nxc6 bxc6 12. Qe2 d6 13. Bg2 Qb6 14. O-O O-O 15. Rab1 Ba6 16. b3 Rab8 17. Be3 Qa5 18. Bxa7 Qxc3 19. Bxb8 Rxb8 20. f4 Nd3 21. Kh1 Rxb3 22. Rxb3 Qxb3 23. Qxe7 Qxa3 24. Qe8+ Bf8 25. Qxc6 Bxc4 26. Qxc4 Nc5 27. Bd5 Qa7 28. f5 g5 29. f6 h6 30. h4 Qd7 31. Kg2 g4 32. Rf4 h5 33. Qd4 Bh6 34. Rf2 Qd8 35. Qc4 Be3 36. Ra2 Kh7 37. Be4+ Kh6 38. Qd5 Qxf6 39. Qf5 Qxf5 40. Bxf5 Kg7 41. Re2 Bd4 42. Bc2 Be5 43. Rd2 Kf6 44. Re2 Ne6 45. Bb1 Nd4 46. Rf2+ Kg7 47. Ba2 f5 48. Bd5 Kf6 49. Bb7 Ne6 50. Bc8 Nd4 51. Rf1 Kg6 52. Rf2 f4 53. gxf4 Bf6 54. f5+ Kg7 55. Rd2 Nf3 56. Rxd6 Nxh4+ 57. Kg3 Be5+ 58. Kxh4 Bxd6 59. Kxh5 g3 60. Bb7 Kf6 61. Kg4 Be5 62. Kf3 Bc7 63. Kg2 Kg5 64. Bf3 Kxf5 65. Bb7 Kf4 66. Bf3 Bd6 67. Bb7 Be5 68. Bf3 Bd4 69. Bb7 Bf2 70. Bf3 Ke3 71. Bb7 Kd2 72. Bf3 Ke1 73. Bb7 Be3 74. Bf3 Bb6 75. Bb7 Bc7 76. Bf3 Bd6 77. Be4 Bc7 78. Bf3 Bd6 79. Be4 Bc7 80. Bf3 1/2-1/2


[Site "https://www.chess.com"]

[Event "Titled Tuesday Blitz March 28 Early 2023"]
[White "Hnydiuk, Aleksander"]
[Black "Kuchava, Ana"]
[WhiteFideId "1109057"]
[BlackFideId "13605348"]
[WhiteElo "2374"]
[BlackElo "2001"]
[Result "1-0"]
[Round "01"]
[TimeControl "180+2"]
[Date "2023.03.28"]
[WhiteClock "0:00:41"]
[BlackClock "0:00:01"]

1. Nf3 d5 2. d4 Nf6 3. c4 e6 4. g3 Bb4+ 5. Bd2 Be7 6. Bg2 O-O 7. O-O c6 8. Qc2 b6 9. Bf4 Bb7 10. Rd1 Nbd7 11. Ne5 Nxe5 12. dxe5 Nd7 13. e4 dxc4 14. Nd2 b5 15. b3 cxb3 16. Nxb3 Qc7 17. a4 a6 18. Qc3 Rfd8 19. Rac1 c5 20. Na5 b4 21. Qxb4 Rab8 22. Qc3 Ba8 23. h4 h6 24. h5 Nb6 25. Qc2 Rxd1+ 26. Rxd1 Rd8 27. Rxd8+ Qxd8 28. Be3 Qc7 29. Nc4 Nxc4 30. Qxc4 Bb7 31. Qc3 Qc6 32. a5 Qb5 33. Bf1 Qb4 34. Qxb4 cxb4 35. f3 Kf8 36. Bc4 Ke8 37. Kf2 Kd7 38. Ke2 Kc7 39. Kd3 Kc6 40. Kc2 Bc5 41. Bd2 Bc8 42. Kb3 Bd7 43. Bxb4 Bxb4 44. Kxb4 Bc8 45. f4 Bb7 46. f5 Bc8 47. g4 Bd7 48. g5 1-0


[Site "https://www.chess.com"]

[Event "Titled Tuesday Blitz March 28 Early 2023"]
[White "Hartikainen, Jarmo"]
[Black "Crevatin, Leo"]
[WhiteFideId "503134"]
[BlackFideId "1726307"]
[WhiteElo "2186"]
[BlackElo "2190"]
[Result "0-1"]
[Round "01"]
[TimeControl "180+2"]
[Date "2023.03.28"]
[WhiteClock "0:00:02"]
[BlackClock "0:01:16"]

1. e4 c5 2. c3 Nf6 3. e5 Nd5 4. d4 cxd4 5. Nf3 d6 6. cxd4 Nc6 7. Nc3 dxe5 8. dxe5 Nxc3 9. Qxd8+ Nxd8 10. bxc3 e6 11. Be3 Bd7 12. Be2 Be7 13. a4 Nc6 14. O-O O-O 15. a5 Rfc8 16. Rfb1 Rc7 17. Rb3 h6 18. h3 Rd8 19. g3 Bc8 20. Bf1 Rd5 21. Bg2 Rxa5 22. Rab1 b6 23. Nd4 Nxe5 24. Nb5 Rd7 25. Bd4 Bf6 26. f4 Nc4 27. Bxf6 gxf6 0-1


[Site "https://www.chess.com"]

[Event "Titled Tuesday Blitz March 28 Early 2023"]
[White "MKlose11"]
[Black "Sankalan Shah"]
[BlackFideId "25600362"]
[WhiteElo "2569"]
[BlackElo "2118"]
[Result "1-0"]
[Round "01"]
[TimeControl "180+2"]
[Date "2023.03.28"]
[WhiteClock "0:02:48"]
[BlackClock "0:02:28"]

1. e4 e5 2. Nf3 Nc6 3. d4 exd4 4. Bc4 Nf6 5. O-O Bc5 6. e5 d5 7. exf6 dxc4 8. fxg7 Rg8 9. Bg5 Qd6 10. Nbd2 Be6 11. Ne4 Qd5 12. Nf6+ 1-0


[Site "https://www.chess.com"]

[Event "Titled Tuesday Blitz March 28 Early 2023"]
[White "Barria Santos, Jose Guilherme"]
[Black "Kaidanov, Gregory"]
[WhiteFideId "1939300"]
[BlackFideId "2008564"]
[WhiteElo "2301"]
[BlackElo "2547"]
[Result "0-1"]
[Round "01"]
[TimeControl "180+2"]
[Date "2023.03.28"]
[WhiteClock "0:00:09"]
[BlackClock "0:00:28"]

1. e4 e5 2. Nf3 Nc6 3. Bb5 a6 4. Ba4 Nf6 5. O-O Nxe4 6. Re1 Nc5 7. Bxc6 dxc6 8. Nxe5 Be7 9. Nc3 O-O 10. d4 Ne6 11. d5 cxd5 12. Nxd5 Bd6 13. Nf3 c6 14. Ne3 Bc5 15. b3 Nf4 16. Bb2 Be6 17. Qxd8 Raxd8 18. Rad1 h6 19. Be5 Ng6 20. Bg3 Bb4 21. Rxd8 Rxd8 22. Rd1 Rxd1+ 23. Nxd1 Ne7 24. Nd4 Bd7 25. c3 Bc5 26. Nf3 Nd5 27. c4 Nb4 28. Nc3 Bf5 29. a3 Nc2 30. Nb1 Nxa3 31. Nxa3 Bxa3 32. Kf1 Bc5 33. Ke1 Bc2 34. Nd2 Bb4 35. Bc7 Bxb3 36. Ke2 Bxd2 37. Kxd2 Bxc4 38. Kc3 Bf1 39. g3 f6 40. Kb4 Kf7 41. Kc5 Bh3 42. Kb6 Bc8 43. Bf4 g5 44. Bd2 Bg4 45. Kxb7 Bf3 46. Kxa6 Ke6 47. Kb6 Kf5 48. Bc3 Ke6 49. Kc5 Bd5 50. Kd4 f5 51. Ke3 c5 52. f4 g4 53. Bg7 h5 54. Bc3 Bc6 55. Kd3 Kd5 56. Bg7 Bb5+ 57. Kc3 Ke4 58. Bf8 c4 59. Kb4 Ba6 60. Ka5 Bc8 61. Kb4 Be6 62. Kc3 Kf3 63. Be7 Kg2 64. Bh4 Kxh2 65. Kd2 Kg2 66. Kc3 Kf3 67. Kc2 Ke4 68. Kc3 Ke3 69. Kc2 Kd4 70. Bf6+ Kd5 71. Bh4 Kc5 72. Bf6 Kb4 73. Bh4 Bd7 74. Bg5 Ba4+ 75. Kc1 c3 76. Bh4 Kc4 77. Bg5 Kd3 78. Bh4 Ke2 79. Bg5 Kf3 80. Bh4 Kg2 81. Kb1 Bd1 82. Kc1 Bb3 83. Kb1 Kf3 84. Kc1 Ke3 85. Kb1 Kd2 86. Ka1 c2 0-1


[Site "https://www.chess.com"]

[Event "Titled Tuesday Blitz March 28 Early 2023"]
[White "Fiorito, Joaquin"]
[Black "Bongo Akanga Ndjila, Barthelemy"]
[WhiteFideId "180173"]
[BlackFideId "10609431"]
[WhiteElo "2157"]
[BlackElo "1768"]
[Result "1-0"]
[Round "01"]
[TimeControl "180+2"]
[Date "2023.03.28"]
[WhiteClock "0:00:46"]
[BlackClock "0:01:43"]

1. d4 d5 2. c4 e6 3. Nc3 a6 4. cxd5 exd5 5. Bf4 Nf6 6. e3 Bd6 7. Bg5 Be6 8. Bd3 Nbd7 9. Nge2 c6 10. O-O O-O 11. f3 Rc8 12. e4 dxe4 13. fxe4 Be7 14. Bd2 Bg4 15. h3 Bh5 16. Qc2 Bg6 17. Nf4 Nb6 18. Be3 c5 19. Nxg6 hxg6 20. d5 c4 21. Be2 Bc5 22. Bxc5 Rxc5 23. Rad1 Nbd7 24. Qd2 b5 25. a3 Ne5 26. Qd4 Nfd7 27. Rf2 Rc8 28. Rdf1 Qg5 29. d6 Nc5 30. Nd5 Ncd3 31. Ne7+ Kh7 32. Bxd3 Nxd3 33. Rxf7 Rxf7 34. Rxf7 Rd8 35. Qxg7# 1-0


[Site "https://www.chess.com"]

[Event "Titled Tuesday Blitz March 28 Early 2023"]
[White "Kornyukov, Alexey"]
[Black "Ibadov, Dashgyn"]
[WhiteFideId "4150457"]
[BlackFideId "24107514"]
[WhiteElo "2352"]
[BlackElo "2208"]
[Result "0-1"]
[Round "01"]
[TimeControl "180+2"]
[Date "2023.03.28"]
[WhiteClock "0:00:15"]
[BlackClock "0:00:56"]

1. e4 e5 2. Nf3 Nc6 3. d4 exd4 4. Nxd4 Nf6 5. Nxc6 bxc6 6. e5 Qe7 7. Qe2 Nd5 8. c4 Nb6 9. b3 a5 10. f4 a4 11. Bb2 axb3 12. axb3 Rxa1 13. Bxa1 Qb4+ 14. Nd2 Qa5 15. Qd1 Bb4 16. Bb2 d5 17. exd6 O-O 18. Be2 cxd6 19. O-O Bxd2 20. Bf3 d5 21. Bd4 Bc3 22. Bxc3 Qxc3 23. cxd5 Nxd5 24. Bxd5 Qc5+ 25. Kh1 Qxd5 26. Qc2 Bf5 27. Qb2 Re8 28. h3 Bxh3 29. Kh2 Bf5 30. Rf3 Re6 31. Qa3 Rh6+ 32. Kg1 Qd4+ 33. Rf2 Qd1+ 34. Rf1 Rh1+ 35. Kxh1 Qxf1+ 36. Kh2 Qxf4+ 37. Kh1 h6 0-1


[Site "https://www.chess.com"]

[Event "Titled Tuesday Blitz March 28 Early 2023"]
[White "Jain Kashish Manoj"]
[Black "Sanchez, Robert"]
[WhiteFideId "35081098"]
[BlackFideId "2034360"]
[WhiteElo "2191"]
[BlackElo "2149"]
[Result "1-0"]
[Round "01"]
[TimeControl "180+2"]
[Date "2023.03.28"]
[WhiteClock "0:01:53"]
[BlackClock "0:02:19"]

1. Nf3 Nf6 2. g3 d5 3. Bg2 Nc6 4. O-O e5 5. d3 Bg4 6. h3 Be6 7. Nc3 h6 8. e4 Qd7 9. exd5 Nxd5 10. Nxd5 Bxd5 11. Re1 f6 12. d4 Bxf3 13. Bxf3 Nxd4 14. Bxb7 Rb8 15. Bg2 Bd6 16. Qxd4 1-0


[Site "https://www.chess.com"]

[Event "Titled Tuesday Blitz March 28 Early 2023"]
[White "Baruch, Liam"]
[Black "Staudenhocker43"]
[WhiteFideId "14322064"]
[WhiteElo "2148"]
[BlackElo "2562"]
[Result "1/2-1/2"]
[Round "01"]
[TimeControl "180+2"]
[Date "2023.03.28"]
[WhiteClock "0:00:07"]
[BlackClock "0:00:15"]

1. e4 e5 2. Nf3 Nf6 3. Nxe5 d6 4. Nf3 Nxe4 5. Qe2 Qe7 6. d4 d5 7. Bf4 Bf5 8. c3 c6 9. Nbd2 Nxd2 10. Qxe7+ Bxe7 11. Kxd2 Nd7 12. g3 O-O 13. Bg2 Be4 14. Rhe1 Rfe8 15. Bh3 Nb6 16. Ne5 Bf6 17. b3 h6 18. Re2 Re7 19. a4 a5 20. f3 Bxe5 21. Bxe5 Bxf3 22. Rf2 Bh5 23. Bd6 Ree8 24. Bc5 Nc8 25. Re1 Rxe1 26. Kxe1 Ne7 27. Kd2 Re8 28. g4 Bg6 29. Re2 Be4 30. Bg2 Ng6 31. Bxe4 dxe4 32. Ke3 f6 33. Bb6 h5 34. gxh5 Ne7 35. Bxa5 Nd5+ 36. Kd2 e3+ 37. Kd1 b6 38. Bb4 Nxb4 39. cxb4 Re4 40. Kc2 Rxd4 41. Rxe3 Rxb4 42. Re6 c5 43. Re7 Kh7 44. Rb7 Kh6 45. Kc3 f5 46. h3 f4 47. Rf7 Kxh5 48. Rxg7 Kh4 49. Kd3 Rxb3+ 50. Ke4 Rb4+ 51. Kf3 Rxa4 52. Rh7+ Kg5 53. Rg7+ Kf6 54. Rb7 Rb4 55. h4 b5 56. h5 Kg5 57. Rc7 c4 58. Rc5+ Kh6 59. Kxf4 c3+ 60. Ke3 Rb3 61. Kd3 b4 62. Kc2 Rb2+ 63. Kc1 Kg7 64. Rc6 Rh2 65. Rc4 Rb2 66. Rc6 Ra2 67. Rc4 Ra4 68. Kc2 Kh6 69. Kb3 Ra1 70. Kxb4 Kxh5 71. Kxc3 Rc1+ 72. Kd4 Rxc4+ 73. Kxc4 1/2-1/2


[Site "https://www.chess.com"]

[Event "Titled Tuesday Blitz March 28 Early 2023"]
[White "Krsnik Cohar, Ivan Vihor"]
[Black "Tarnowska, Aleksandra"]
[WhiteFideId "14520044"]
[BlackFideId "1180967"]
[WhiteElo "2414"]
[BlackElo "1776"]
[Result "1-0"]
[Round "01"]
[TimeControl "180+2"]
[Date "2023.03.28"]
[WhiteClock "0:00:27"]
[BlackClock "0:00:04"]

1. e4 c5 2. Ne2 e6 3. g3 Nc6 4. Bg2 d6 5. c3 Nf6 6. d4 cxd4 7. cxd4 d5 8. e5 Bb4+ 9. Bd2 Bxd2+ 10. Qxd2 Nd7 11. Nbc3 O-O 12. O-O b6 13. f4 Ne7 14. f5 Nxf5 15. Nxd5 Rb8 16. Rad1 Bb7 17. Ne3 Nxe3 18. Qxe3 Bxg2 19. Kxg2 b5 20. d5 exd5 21. e6 Qe7 22. Nf4 fxe6 23. Nxd5 Qc5 24. Qxe6+ Kh8 25. Qxd7 Qc2+ 26. Kh3 Rf2 27. Rxf2 Qxf2 28. Nf4 Qf3 29. Qd8+ Rxd8 30. Rxd8# 1-0


[Site "https://www.chess.com"]

[Event "Titled Tuesday Blitz March 28 Early 2023"]
[White "dDobravcan"]
[Black "Drori, Saar"]
[BlackFideId "2812444"]
[WhiteElo "2141"]
[BlackElo "2322"]
[Result "0-1"]
[Round "01"]
[TimeControl "180+2"]
[Date "2023.03.28"]
[WhiteClock "0:00:01"]
[BlackClock "0:00:16"]

1. e4 c5 2. b4 cxb4 3. Bb2 d5 4. exd5 Nf6 5. d4 Nxd5 6. Nf3 Nc6 7. Bc4 e6 8. O-O Be7 9. a3 bxa3 10. Nxa3 O-O 11. Bb3 b6 12. c4 Nf6 13. d5 exd5 14. cxd5 Nb4 15. Qd4 Nbxd5 16. Rad1 Bb7 17. Ne5 Re8 18. Qh4 Bxa3 19. Nxf7 Kxf7 20. Bxa3 Re4 21. Qg3 Qb8 22. Qd3 Qe5 23. h3 Rd8 24. Rd2 Qg5 25. Rfd1 Ke8 26. Re2 Qxg2+ 27. Kxg2 Nf4+ 28. Kf3 Rxd3+ 29. Rxd3 Nxd3 30. Rxe4+ Nxe4 31. Ke3 Ndc5 32. Bc2 Nf6 33. Bb2 Be4 34. Bd1 Bf5 35. h4 Be6 36. h5 Kf7 37. Kf4 Bb3 38. Be2 a5 0-1


[Site "https://www.chess.com"]

[Event "Titled Tuesday Blitz March 28 Early 2023"]
[White "Vallejo Diaz, Javier"]
[Black "Chemin, Justo Reinaldo"]
[WhiteFideId "2256398"]
[BlackFideId "2101580"]
[WhiteElo "2559"]
[BlackElo "1940"]
[Result "1-0"]
[Round "01"]
[TimeControl "180+2"]
[Date "2023.03.28"]
[WhiteClock "0:00:15"]
[BlackClock "0:00:11"]

1. e4 e6 2. d4 d5 3. Nd2 dxe4 4. Nxe4 Qd5 5. Nc3 Bb4 6. Nf3 Nf6 7. a3 Bxc3+ 8. bxc3 b6 9. c4 Qe4+ 10. Be3 Bb7 11. Bd3 Qg4 12. Be2 Nbd7 13. O-O Qg6 14. Bf4 h5 15. Nh4 Qh7 16. Bf3 O-O-O 17. a4 a5 18. Rb1 e5 19. Bxb7+ Kb8 20. Qf3 exf4 21. Ba6 Qe4 22. Rfe1 Qxf3 23. Nxf3 Rhe8 24. Bb5 Rxe1+ 25. Rxe1 Kb7 26. d5 1-0


[Site "https://www.chess.com"]

[Event "Titled Tuesday Blitz March 28 Early 2023"]
[White "Winkels, Marcel"]
[Black "Girya, Olga"]
[WhiteFideId "1003887"]
[BlackFideId "4195752"]
[WhiteElo "1900"]
[BlackElo "2263"]
[Result "1-0"]
[Round "01"]
[TimeControl "180+2"]
[Date "2023.03.28"]
[WhiteClock "0:00:19"]
[BlackClock "0:00:01"]

1. e4 e5 2. Nf3 Nc6 3. Bb5 a6 4. Ba4 Nf6 5. d3 Bc5 6. O-O d6 7. h3 O-O 8. Nc3 h6 9. Nd5 Nxd5 10. exd5 Ne7 11. c4 Nf5 12. a3 Nd4 13. b4 Nxf3+ 14. Qxf3 Bd4 15. Rb1 f5 16. Bb2 Bxb2 17. Rxb2 a5 18. Bb3 axb4 19. axb4 Bd7 20. c5 Bb5 21. Bc4 e4 22. Qe2 Bxc4 23. dxc4 Qf6 24. cxd6 cxd6 25. Rc2 Qe5 26. Rd1 f4 27. Qg4 Rae8 28. c5 e3 29. Qf3 Ra8 30. c6 bxc6 31. dxc6 Ra1 32. Rxa1 Qxa1+ 33. Kh2 Qd4 34. c7 Rc8 35. Qb7 1-0


[Site "https://www.chess.com"]

[Event "Titled Tuesday Blitz March 28 Early 2023"]
[White "Castellanos Villela, Alejandro"]
[Black "Levine, David"]
[WhiteFideId "3446379"]
[BlackFideId "2011611"]
[WhiteElo "2102"]
[BlackElo "2114"]
[Result "1-0"]
[Round "01"]
[TimeControl "180+2"]
[Date "2023.03.28"]
[WhiteClock "0:02:02"]
[BlackClock "0:01:10"]

1. e4 e5 2. Nf3 Nc6 3. Nc3 Nf6 4. Bb5 Bb4 5. O-O Bxc3 6. bxc3 d6 7. Re1 O-O 8. h3 Ne7 9. d4 Ng6 10. a4 c6 11. Bf1 Qa5 12. Ba3 Re8 13. Bxd6 exd4 14. e5 Nd5 15. cxd4 Be6 16. c4 Ndf4 17. Qd2 Qd8 18. Kh2 Bf5 19. g3 Ne6 20. g4 Bxg4 21. hxg4 Nef4 22. Re4 Ne6 23. g5 Nxg5 24. Nxg5 1-0


[Site "https://www.chess.com"]

[Event "Titled Tuesday Blitz March 28 Early 2023"]
[White "Delorme, Alban"]
[Black "Melian, Juan Sebastian"]
[WhiteFideId "623636"]
[BlackFideId "3706575"]
[WhiteElo "2196"]
[BlackElo "2031"]
[Result "1-0"]
[Round "01"]
[TimeControl "180+2"]
[Date "2023.03.28"]
[WhiteClock "0:00:25"]
[BlackClock "0:00:03"]

1. e4 c5 2. Nf3 e6 3. c3 Nf6 4. Bd3 d5 5. exd5 Nxd5 6. Bc2 Nc6 7. O-O Be7 8. d4 cxd4 9. Nxd4 O-O 10. Qd3 g6 11. Bh6 Re8 12. Nd2 Nxd4 13. Qxd4 Bf6 14. Qd3 Bg7 15. Bxg7 Kxg7 16. Nf3 Qf6 17. Rad1 Nf4 18. Qe3 b6 19. Be4 Rb8 20. Bc6 Ba6 21. Bxe8 Bxf1 22. Kxf1 Rxe8 23. Rd7 Nd5 24. Rxd5 Re7 25. Rd1 e5 26. Re1 e4 27. Qd4 h5 28. Rxe4 Rxe4 29. Qxe4 Qd8 30. Qd4+ Qxd4 31. Nxd4 Kf6 1-0


[Site "https://www.chess.com"]

[Event "Titled Tuesday Blitz March 28 Early 2023"]
[White "Bilan, Danila"]
[Black "Michalski, Olaf"]
[WhiteFideId "24161918"]
[BlackFideId "1106740"]
[WhiteElo "2182"]
[BlackElo "2173"]
[Result "1-0"]
[Round "01"]
[TimeControl "180+2"]
[Date "2023.03.28"]
[WhiteClock "0:00:13"]
[BlackClock "0:00:09"]

1. d4 d6 2. Nf3 Bg4 3. e4 Nf6 4. Nc3 e6 5. Bb5+ c6 6. Be2 d5 7. Qd3 Bb4 8. exd5 exd5 9. O-O O-O 10. Ne5 Bxe2 11. Nxe2 Nbd7 12. Bg5 Qc7 13. Nxd7 Nxd7 14. Ng3 Rfe8 15. Nf5 Bd6 16. g3 f6 17. Bd2 Nf8 18. Rfe1 Ng6 19. Re2 Rxe2 20. Qxe2 Ne7 21. Qe6+ Kf8 22. Nxd6 1-0


[Site "https://www.chess.com"]

[Event "Titled Tuesday Blitz March 28 Early 2023"]
[White "Benevides Demasi, Joao Otavio"]
[Black "Nurmanova, Alua"]
[WhiteFideId "30916224"]
[BlackFideId "13729390"]
[WhiteElo "2102"]
[BlackElo "2253"]
[Result "1-0"]
[Round "01"]
[TimeControl "180+2"]
[Date "2023.03.28"]
[WhiteClock "0:01:09"]
[BlackClock "0:01:04"]

1. d3 Nf6 2. g3 d5 3. Nf3 c5 4. Bg2 g6 5. O-O Bg7 6. c4 O-O 7. Nc3 d4 8. Na4 Na6 9. a3 Re8 10. Rb1 e5 11. b4 cxb4 12. axb4 Qc7 13. b5 Nc5 14. Ba3 Nfd7 15. Nxc5 Nxc5 16. Ng5 h6 17. Ne4 Nxe4 18. Bxe4 Bh3 19. Re1 b6 20. Bxa8 Rxa8 21. Qc2 Qb7 22. f3 h5 23. c5 bxc5 24. Qxc5 Rc8 25. Qb4 Bh6 26. Bc1 Bf8 27. Qa4 f5 28. Qa6 Qxa6 29. bxa6 Rc2 30. Rb8 Ra2 31. Bh6 Rxa6 32. Bxf8 Kf7 33. Kf2 Ra2 34. Bc5 a5 35. Reb1 e4 36. fxe4 fxe4 37. dxe4 d3 38. R8b2 1-0


[Site "https://www.chess.com"]

[Event "Titled Tuesday Blitz March 28 Early 2023"]
[White "Degenbaev, Aziz"]
[Black "Acikel, Mert"]
[WhiteFideId "13802640"]
[BlackFideId "12956465"]
[WhiteElo "2152"]
[BlackElo "2097"]
[Result "1-0"]
[Round "01"]
[TimeControl "180+2"]
[Date "2023.03.28"]
[WhiteClock "0:01:43"]
[BlackClock "0:02:16"]

1. e4 e5 2. Nf3 Nc6 3. d4 exd4 4. Nxd4 Bc5 5. Nb3 Bb6 6. Nc3 Nf6 7. Qe2 O-O 8. Bg5 h6 9. Bh4 a5 10. a4 Nd4 11. Qd3 Nxb3 12. cxb3 c6 13. O-O-O d5 14. Qc2 Be6 15. Kb1 Rc8 16. e5 g5 17. Bg3 Nh5 18. Be2 Nxg3 19. hxg3 Kg7 20. Rxh6 Rh8 21. Rf6 Qc7 22. f4 Qd7 23. f5 1-0


[Site "https://www.chess.com"]

[Event "Titled Tuesday Blitz March 28 Early 2023"]
[White "Necula, Iulian"]
[Black "Shohat, Yotam"]
[WhiteFideId "1232380"]
[BlackFideId "2813955"]
[WhiteElo "1790"]
[BlackElo "2226"]
[Result "0-1"]
[Round "01"]
[TimeControl "180+2"]
[Date "2023.03.28"]
[WhiteClock "0:00:08"]
[BlackClock "0:00:04"]

1. d4 Nf6 2. Nc3 d5 3. Bf4 e6 4. Nb5 Na6 5. e3 Be7 6. Nf3 O-O 7. Be2 Nh5 8. Bg3 c5 9. a4 Nxg3 10. hxg3 Nb4 11. c3 Nc6 12. Bd3 g6 13. Ne5 Nxe5 14. dxe5 a6 15. Na3 Qc7 16. f4 Bd7 17. Qg4 f5 18. Qh3 h5 19. Nc2 b5 20. a5 Kg7 21. Kf2 Rh8 22. Ne1 b4 23. Nf3 bxc3 24. bxc3 Bb5 25. Rhd1 Rab8 26. Qh1 Bxd3 27. Rxd3 Rb2+ 28. Rd2 Rhb8 29. Qc1 R2b3 30. Ra3 c4 31. Nd4 Bxa3 32. Nxe6+ Kf7 33. Qxa3 Kxe6 34. Qc1 R8b5 35. Qh1 Qd8 36. g4 Rb2 37. Rxb2 Rxb2+ 38. Kf3 hxg4+ 39. Kg3 Qxa5 40. Qh7 Qxc3 41. Qxg6+ Kd7 42. Qd6+ Kc8 43. Qc6+ Kb8 44. Qd6+ Kb7 45. Qxd5+ Kb6 46. Qd6+ Kb5 47. Qb8+ Ka4 48. Qe8+ Ka3 49. Qe7+ Ka2 50. Qc5 Qc2 51. Kh4 Qb3 52. Kg5 c3 53. Qa5+ Kb1 54. e6 c2 55. Qxf5 Ka1 56. e7 Qg8+ 57. Kh4 c1=Q 58. Qa5+ Ra2 59. Qe5+ Qb2 60. e8=Q Qxe8 61. Qxe8 Qxg2 62. Qe5+ Qb2 63. Kxg4 Qxe5 64. fxe5 Re2 65. Kf4 Rh2 66. e6 a5 67. e7 Rh8 68. Kf5 a4 69. Kf6 a3 70. Kf7 Ra8 71. e4 a2 72. e5 Kb2 73. e6 a1=Q 74. e8=Q Qf1+ 75. Ke7 Rxe8+ 76. Kxe8 Qb5+ 77. Kf7 Qf5+ 78. Ke7 Kc3 79. Kd6 Qf6 80. Kd7 Kd4 81. e7 Qf7 82. Kd8 Qd5+ 83. Ke8 Ke5 84. Kf8 Qd6 85. Kf7 Qf6+ 86. Ke8 Ke6 87. Kd8 Qxe7+ 88. Kc8 Kd6 0-1


[Site "https://www.chess.com"]

[Event "Titled Tuesday Blitz March 28 Early 2023"]
[White "Riff, Vincent"]
[Black "Kriti Mayur Patel"]
[WhiteFideId "617776"]
[BlackFideId "35061780"]
[WhiteElo "2369"]
[BlackElo "1306"]
[Result "1-0"]
[Round "01"]
[TimeControl "180+2"]
[Date "2023.03.28"]
[WhiteClock "0:01:32"]
[BlackClock "0:01:15"]

1. e4 e5 2. Nf3 Nc6 3. Bb5 a6 4. Ba4 Nf6 5. O-O b5 6. Bb3 Bc5 7. a4 Rb8 8. Nxe5 Nxe5 9. d4 Bxd4 10. Qxd4 d6 11. f4 c5 12. Qd1 Bg4 13. Qe1 Nc6 14. e5 Nd4 15. exf6+ Ne2+ 16. Kh1 Qxf6 17. Nc3 O-O 18. Nxe2 Rfe8 19. Rf2 Qh4 20. Bd2 Qh5 21. axb5 axb5 22. Bd5 Bxe2 23. Bc6 Re6 24. f5 Re5 25. Bf4 Rxf5 26. Rxe2 g5 27. Re8+ Rxe8 28. Qxe8+ Kg7 29. Bxd6 g4 30. Bf8+ Kg6 31. Be4 g3 32. h3 c4 33. Qe5 c3 34. Qg7# 1-0


[Site "https://www.chess.com"]

[Event "Titled Tuesday Blitz March 28 Early 2023"]
[White "Estremera Panos, Sergio"]
[Black "Danielyan, Vahe"]
[WhiteFideId "2200864"]
[BlackFideId "13304828"]
[WhiteElo "2253"]
[BlackElo "2423"]
[Result "0-1"]
[Round "01"]
[TimeControl "180+2"]
[Date "2023.03.28"]
[WhiteClock "0:01:05"]
[BlackClock "0:01:30"]

1. d4 Nf6 2. c4 e6 3. Nc3 Bb4 4. e3 O-O 5. Bd3 Re8 6. Ne2 d5 7. O-O c6 8. Qc2 Nbd7 9. b3 b6 10. Bb2 Bb7 11. Ng3 e5 12. dxe5 Nxe5 13. cxd5 cxd5 14. Bb5 Re7 15. Rad1 Rc8 16. a3 Bxc3 17. Bxc3 Rec7 18. Ne2 Ne4 19. Qxe4 dxe4 20. Rxd8+ Rxd8 21. Bxe5 Rc5 22. Bc4 Rxe5 23. Nd4 a6 24. h3 b5 25. Be2 Rc8 26. b4 Bd5 27. Rd1 g6 28. Bg4 Rc3 29. Ne2 Rxa3 30. Nf4 Bc4 31. Rd8+ Kg7 32. Rd7 Rb3 33. h4 h5 34. Be2 Bxe2 35. Nxe2 Rxb4 36. Ra7 Ra4 37. Nd4 a5 38. Nc6 Rc5 39. Nd4 Rc1+ 40. Kh2 b4 41. Ne6+ Kf6 42. Ng5 b3 43. Rxf7+ Ke5 44. Re7+ Kd6 45. Re6+ Kd5 46. f3 exf3 47. e4+ Kc5 48. Re5+ Kb6 49. Re6+ Rc6 50. Re8 f2 0-1


[Site "https://www.chess.com"]

[Event "Titled Tuesday Blitz March 28 Early 2023"]
[White "Mostbauer, Florian"]
[Black "dorpato"]
[WhiteFideId "1626671"]
[WhiteElo "2234"]
[BlackElo "2047"]
[Result "1-0"]
[Round "01"]
[TimeControl "180+2"]
[Date "2023.03.28"]
[WhiteClock "0:01:21"]
[BlackClock "0:00:13"]

1. c4 Nf6 2. g3 g6 3. Bg2 Bg7 4. Nc3 e6 5. e4 d6 6. Nge2 O-O 7. O-O c5 8. b3 Nc6 9. Bb2 b6 10. d4 cxd4 11. Nxd4 Bb7 12. Nxc6 Bxc6 13. e5 Bxg2 14. exf6 Bxf1 15. fxg7 Kxg7 16. Qxf1 f6 17. Rd1 Qe7 18. Ba3 Rfd8 19. Ne4 Qc7 20. Qd3 d5 21. cxd5 Rxd5 22. Qe2 Rad8 23. Rc1 Qb7 24. Bb2 e5 25. Qf3 f5 26. Ng5 Qe7 27. Rc7 Qxc7 28. Ne6+ Kf6 29. Nxc7 Rd1+ 30. Kg2 1-0


[Site "https://www.chess.com"]